 Dungeon Crawl Stone Soup version 0.22.0-18-ge075c0d (webtiles) character file.

77 Amnesiac the Gusty (level 4, -3/30 HPs)
             Began as a Mummy Air Elementalist on Aug 18, 2018.
             Killed by divine providence
             ... invoked by an orc priest
              (12 damage)
             ... on level 4 of the Dungeon.
             The game lasted 00:04:02 (952 turns).

Amnesiac the Gusty (Mummy Air Elementalist)          Turns: 952, Time: 00:04:03

Health: -3/30      AC:  2    Str: 11    XL:     4   Next: 14%
Magic:  3/9        EV: 12    Int: 15    God:
Gold:   68         SH:  0    Dex: 12    Spells: 5/10 levels left

rFire    x . .     SeeInvis .   (no weapon)
rCold    + . .     Gourm    .   (no shield)
rNeg     + + +     Faith    .   a - +0 robe
rPois    ∞         Spirit   .   (no helmet)
rElec    .         Reflect  .   (no cloak)
rCorr    .         Harm     .   (no gloves)
MR       .....                  (no boots)
Stlth    ++........             (no amulet)
HPRegen  0.10/turn              b - ring of positive energy
MPRegen  0.11/turn              (no ring)

@: no status effects
A: no food or potions, fire vulnerability, cold resistance 1, negative energy
resistance 3, torment resistance, unbreathing
a: no special abilities


You were on level 4 of the Dungeon.
You were not hungry.

You visited 1 branch of the dungeon, and saw 7 of its levels.

You collected 68 gold pieces.

Inventory:

Armour
 a - a +0 robe (worn)
Jewellery
 b - a ring of positive energy (left hand)
Scrolls
 c - 2 scrolls of remove curse {!r, unknown}
 d - a scroll of teleportation {!r, unknown}
 e - a scroll of random uselessness {!r, unknown}
 f - a scroll of amnesia {!r, unknown}


   Skills:
 - Level 1.5 Dodging
 - Level 1.5 Stealth
 + Level 3.7 Spellcasting
 - Level 0.7 Conjurations
 * Level 3.7 Air Magic


You had 5 spell levels left.
You knew the following spells:

 Your Spells              Type           Power        Failure   Level  Hunger
a - Shock                 Conj/Air       #...         8%          1    N/A
d - Airstrike             Air            ##........   36%         4    N/A

Your spell library contained the following spells:

 Spells                   Type           Power        Failure   Level  Hunger
 Swiftness                Chrm/Air       #.......     13%         2    N/A
 Static Discharge         Conj/Air       #.......     22%         3    N/A
 Sticks to Snakes         Tmut           #.......     28%         2    N/A
 Lightning Bolt           Conj/Air       #.........   90%         5    N/A
 Beastly Appendage        Tmut           Unusable     N/A         1    N/A
 Spider Form              Tmut/Pois      Unusable     N/A         3    N/A
 Ice Form                 Ice/Tmut       Unusable     N/A         4    N/A
 Blade Hands              Tmut           Unusable     N/A         5    N/A

Dungeon Overview and Level Annotations

Branches:
Dungeon (7/15)
 Temple: D:4-7

Altars:
Yredelemnul


Innate Abilities, Weirdness & Mutations

You do not eat or drink.
Your flesh is vulnerable to fire.
You are immune to poison.
Your flesh is cold resistant. (rC+)
You are immune to negative energy. (rN+++)
You are immune to unholy pain and torment.
You can survive without breathing.


Message History

Press: ? - help, Shift-Dir - straight line, f/p - orc wizard
Aim: an orc wizard, wielding a dagger and wearing a robe (moderately wounded, fast)
The zap hits the orc wizard.
The orc wizard is moderately wounded.
The zap hits the orc wizard.
The orc wizard is heavily wounded.
Unknown command.
Casting: Shock (safe; 8% risk of failure)
Confirm with . or Enter, or press ? or * to list all spells.
Aiming: Shock (safe; 8% risk of failure)
Press: ? - help, Shift-Dir - straight line, f/p - orc wizard
Aim: an orc wizard, wielding a dagger and wearing a robe (heavily wounded, fast)
The zap hits the orc wizard.
The orc wizard appears unharmed.
The orc wizard is heavily wounded.
The zap hits the orc wizard.
The orc wizard is heavily wounded.
The orc wizard hits you with a dagger.
Unknown command.
Casting: Shock (safe; 8% risk of failure)
Confirm with . or Enter, or press ? or * to list all spells.
Aiming: Shock (safe; 8% risk of failure)
Press: ? - help, Shift-Dir - straight line, f/p - orc wizard
Aim: an orc wizard, wielding a dagger and wearing a robe (heavily wounded, fast)
The zap hits the orc wizard.
The orc wizard is severely wounded.
The zap hits the orc wizard.
The orc wizard is almost dead.
The orc wizard completely misses you. x2
Unknown command.
Casting: Shock (safe; 8% risk of failure)
Confirm with . or Enter, or press ? or * to list all spells.
Aiming: Shock (safe; 8% risk of failure)
Press: ? - help, Shift-Dir - straight line, f/p - orc wizard
Aim: an orc wizard, wielding a dagger and wearing a robe (severely wounded, fast)
The zap misses the orc wizard.
The zap hits the orc wizard.
The orc wizard is almost dead.
The orc wizard closely misses you.
Unknown command.
Casting: Shock (safe; 8% risk of failure)
Confirm with . or Enter, or press ? or * to list all spells.
Aiming: Shock (safe; 8% risk of failure)
Press: ? - help, Shift-Dir - straight line, f/p - orc wizard
Aim: an orc wizard, wielding a dagger and wearing a robe (almost dead, fast)
The zap misses the orc wizard.
The zap hits the orc wizard.
The orc wizard is almost dead.
The orc wizard gestures wildly while chanting.
The orc wizard blinks!
The orc priest casts a cantrip, but nothing happens.
Casting: Shock (safe; 8% risk of failure)
Confirm with . or Enter, or press ? or * to list all spells.
Aiming: Shock (safe; 8% risk of failure)
Press: ? - help, Shift-Dir - straight line, f/p - orc wizard
Aim: an orc wizard, wielding a dagger and wearing a robe (almost dead, fast)
The zap misses the orc wizard.
The orc wizard points at you and mumbles some strange words.
The magic dart hits you!
The orc wizard points at you and mumbles some strange words.
The magic dart hits you!
* * * LOW HITPOINT WARNING * * *
The orc wizard casts a spell.
The orc wizard blinks!
The orc priest calls down the wrath of Beogh upon you.
Beogh smites you!
You die...

#.######.# #.#
.# #.# .# #o#
#.# #.# #.#
#######.######
....%.....@..#
#######o####)#
#.# #.#
.#.##########o#
#.#
......o..o....#
#J#
##.##.#########
#.# #. #.# #o
#.# #o #.#


You could see an orc priest.

Vanquished Creatures
  A worker ant (D:5)
  4 adders
  An ooze (D:4)
  A dart slug (D:1)
  A giant cockroach (D:6)
  A hobgoblin (D:3)
  A jackal (D:4)
  A quokka (D:6)
  2 frilled lizards
  A kobold (D:3)
14 creatures vanquished.

Vanquished Creatures (others)
  5 toadstools (D:1)
5 creatures vanquished.

Grand Total: 19 creatures vanquished

Notes
Turn   | Place    | Note
-------+----------+-------------------------------------------
     0 | D:1      | Amnesiac the Mummy Air Elementalist began the quest for the Orb.
     0 | D:1      | Reached XP level 1. HP: 13/13 MP: 4/4
   230 | D:3      | Reached XP level 2. HP: 12/19 MP: 0/5
   432 | D:4      | Reached XP level 3. HP: 21/24 MP: 0/7
   496 | D:4      | You fall through a shaft for 2 floors!
   507 | D:5      | Entered Level 5 of the Dungeon
   507 | D:5      | Noticed an ice beast
   507 | D:5      | Noticed a centaur warrior skeleton
   763 | D:6      | Found a basalt altar of Yredelemnul.
   792 | D:5      | Reached XP level 4. HP: 21/30 MP: 1/9
   798 | D:5      | Learned a level 4 spell: Airstrike
   952 | D:4      | Killed from afar by an orc priest

Skill      XL: |  1  2 |
---------------+-------+-----
Spellcasting   | 3 |  3.7
Air Magic      | 3 |  3.7
Dodging        | |  1.5
Stealth        | |  1.5
Conjurations   | |  0.7

Action                   |  1- 3 |  4- 6 || total
-------------------------+-------+-------++-------
Melee: Unarmed           |     3 |       ||     3
 Cast: Shock             |    33 |    14 ||    47
Armor: Robe              |     5 |     1 ||     6
Dodge: Dodged            |    27 |     5 ||    32
